 Dungeon Crawl Stone Soup version 0.30-a0-782-ge64f9170bb (webtiles) character file.

Game seed: 1754347359175091170

28 PentaManta the Cutter (level 3, -5/21 HPs)
             Began as a Kobold Gladiator on Feb 20, 2023.
             Slain by a worm (7 damage)
             ... on level 2 of the Dungeon.
             The game lasted 00:02:02 (925 turns).

PentaManta the Cutter (Kobold Gladiator)             Turns: 925, Time: 00:02:03

Health: -5/21      AC:  4    Str: 11    XL:     3   Next: 30%
Magic:  3/3        EV: 15    Int:  9    God:
Gold:   97         SH:  0    Dex: 18    Spells: 2/2 levels left

rFire   . . .      SeeInvis .    a - +0 rapier
rCold   . . .      Faith    .    (no shield)
rNeg    . . .      Spirit   .    b - +0 leather armour
rPois   .          Reflect  .    c - +0 helmet
rElec   .          Harm     .    (no cloak)
rCorr   .          Rampage  .    (no gloves)
Will    .....                    (no boots)
Stlth   ++                       (no amulet)
HPRegen 0.23/turn                (no ring)
MPRegen 0.08/turn                (no ring)

@: no status effects
A: small, no large weapons, nightstalker 3
a: no special abilities


You were on level 2 of the Dungeon.
You visited 1 branch of the dungeon, and saw 2 of its levels.

You collected 97 gold pieces.

Inventory:

Hand Weapons
 a - a +0 rapier (weapon)
 j - a +0 dagger
 k - a +0 dagger
Missiles
 d - 3 throwing nets (quivered)
 e - 4 boomerangs
Armour
 b - a +0 leather armour (worn)
 c - a +0 helmet (worn)
Scrolls
 i - a scroll of amnesia {unknown}
Potions
 f - a potion of magic {unknown}
 g - 4 potions of ambrosia {unknown}
 h - 2 potions of berserk rage {unknown}


   Skills:
 - Level 2.1 Fighting
 + Level 5.6 Short Blades
 - Level 2.1 Throwing
 - Level 3.6 Dodging


You had 2 spell levels left.
You didn't know any spells.
Your spell library was empty.

Dungeon Overview and Level Annotations

Branches:
Dungeon (2/15)

Altars:


Innate Abilities, Weirdness & Mutations

You are small and have problems with some larger weapons.
You are completely attuned to the shadows.


Message History

You puncture the dart slug!
You kill the dart slug!
A worm comes into view.
Found a murky sapphire potion.
You barely miss the worm. The worm bites you!
You hit the worm.
The worm is lightly wounded.
You barely miss the worm.
The worm is lightly wounded.
The worm closely misses you.
You puncture the worm!
The worm is moderately wounded.
You hit the worm but do no damage.
The worm is moderately wounded.
The worm bites you but does no damage.
You barely miss the worm.
The worm is moderately wounded.
You barely miss the worm.
The worm is moderately wounded.
The worm misses you.
You barely miss the worm.
The worm is moderately wounded.
The worm bites you.
You hit the worm.
The worm is moderately wounded.
You hit the worm.
The worm is heavily wounded.
The worm bites you.
You barely miss the worm.
The worm is heavily wounded.
You puncture the worm!
The worm is almost dead.
The worm bites you!
* * * LOW HITPOINT WARNING * * *
You barely miss the worm.
The worm is severely wounded.
You hit the worm but do no damage.
The worm is severely wounded.
The worm bites you!
You die...

######### #.#####.
#....... ######
##....†##
.....#####.......#
####....#.........
#.....#...........
#.##....#.........
#.##.####.......
#@##.# ##.....
....w...# ....
####.#### #!# #.#


You could see a worm.

Vanquished Creatures
  A dart slug (D:2)
  A ball python (D:1)
  4 endoplasms (D:1)
  2 giant cockroaches (D:1)
  A goblin (D:2)
  4 hobgoblins
  A kobold (D:2)
  3 quokkas
  A frilled lizard (D:2)
  4 rats (D:1)
22 creatures vanquished.

Notes
Turn   | Place    | Note
-------+----------+-------------------------------------------
     0 | D:1      | PentaManta the Kobold Gladiator began the quest for the
                  | Orb.
     0 | D:1      | Reached XP level 1. HP: 12/12 MP: 1/1
   191 | D:1      | Reached XP level 2. HP: 17/17 MP: 2/2
   203 | D:1      | Found a faded altar of an unknown god.
   250 | D:1      | Reached skill level 5 in Short Blades
   753 | D:2      | Reached XP level 3. HP: 21/21 MP: 3/3
   923 | D:2      | HP: 1/21 [worm (9)]
   925 | D:2      | Slain by a worm

Illustrated notes

Levels and vault maps discovered:
D:1:      minmay_arrival_diagonal_passages, layout_loops_ring,
          hellmonk_ecumenical_altar_crossroads
D:2:      layout_loops_corners, minmay_misc_feat_more_columns

Skill      XL: |  1  2 |
---------------+-------+-----
Short Blades   | 5 |  5.6
Fighting       | |  2.1
Throwing       | |  2.1
Dodging        | |  3.6

Action                     || total
---------------------------++-------
  Melee: Rapier            ||    59
   Stab: Sleeping          ||    10
         Distracted        ||     1
 Armour: Leather armour    ||     4
  Dodge: Dodged            ||    25

Table legend: (Time is in decaauts)
 A = Elapsed time spent in this place.
 B = Non-inter-level travel time spent in this place.
 C = Inter-level travel time spent in this place.
 D = Time resting spent in this place.
 E = Time spent auto-exploring this place.
 F = Levels seen in this place.
 G = Mean time per level.
                   A        B        C        D        E       F      G
               +--------+--------+--------+--------+--------+-----+--------+
         Total |    921 |    902 |     19 |      0 |    746 |   2 |  460.5 |
       Dungeon |    921 |    902 |     19 |      0 |    746 |   2 |  460.5 |
               +--------+--------+--------+--------+--------+-----+--------+

Top non-repeatable levels by time:
     D:1: 677 daAuts
     D:2: 243 daAuts
